 Dungeon Crawl Stone Soup version 0.30.1-4-g462c640d31 (webtiles) character file.

Game seed: 10124089815004482574

203 hilljack the Cudgeller (level 5, 0/52 HPs)
             Began as a Troll Gladiator on Aug 12, 2023.
             Splashed by a jelly's acid (9 damage)
             ... in a sewer.
             The game lasted 00:05:14 (1834 turns).

hilljack the Cudgeller (Troll Gladiator)            Turns: 1834, Time: 00:05:15

Health: 0/52       AC:  1    Str: 24    XL:     5   Next: 51%
Magic:  4/4        EV: 10    Int:  4    God:
Gold:   110        SH:  0    Dex: 11    Spells: 4/4 levels left

rFire   . . .        a - +0 flail
rCold   . . .        (no shield)
rNeg    + . .        b - +0 robe
rPois   .            c - +1 hat
rElec   .            (no cloak)
rCorr   .            (gloves unavailable)
SInv    .            (boots unavailable)
Will    .....        (no amulet)
Stlth   +            g - ring of positive energy
HPRegen 1.08/turn    (no ring)
MPRegen 0.09/turn

%: no passive effects
@: corroded
A: large, unfitting armour, claws 3, regeneration 1, shaggy fur 1, tough skin 1
a: no special abilities


You were in a sewer.
You visited 1 branch of the dungeon, and saw 3 of its levels.
You also visited: Sewer.

You collected 110 gold pieces.

Inventory:

Hand Weapons
 a - a +0 flail (weapon)
Missiles
 d - 3 throwing nets
 e - a large rock
 i - 36 stones (quivered)
Armour
 b - a +0 robe (worn)
 c - a +1 hat (worn)
Jewellery
 g - a ring of positive energy (left claw)
 m - a ring of fire
Potions
 k - 2 potions of brilliance


   Skills:
 + Level 2.8 Fighting
 + Level 3.6 Maces & Flails
 + Level 2.9 Throwing
 + Level 3.3 Dodging


You had 4 spell levels left.
You didn't know any spells.
Your spell library contained the following spells:

 Spells                   Type           Power      Damage    Failure   Level
 Apportation              Tloc           0%         N/A       50%         1
 Necrotise                Necr           0%         1d4       50%         1
 Summon Small Mammal      Summ           0%         N/A       50%         1
 Blink                    Tloc           0%         N/A       65%         2
 Lesser Beckoning         Tloc           0%         N/A       65%         2
 Momentum Strike          Conj/Tloc      0%         3d8       65%         2
 Portal Projectile        Hex/Tloc       0%         N/A       86%         3
 Tukima's Dance           Hex            0%         N/A       86%         3
 Blade Hands              Tmut           0%         N/A       100%        5


Dungeon Overview and Level Annotations

Branches:
Dungeon (3/15)              Sewer (1/1)

Altars:


Innate Abilities, Weirdness & Mutations

You are too large for most types of armour.
You have claws for hands.
Your natural rate of healing is unusually fast.
You are covered in fur. (AC +1)
You have tough skin. (AC +1)


Message History

The giant cockroach bites you but does no damage.
The rat bites you. The frilled lizard closely misses you.
The giant cockroach barely misses you.
You hit the frilled lizard.
You kill the frilled lizard!
The giant cockroach bites you but does no damage.
The rat bites you but does no damage.
You hit the giant cockroach but do no damage.
The giant cockroach bites you. The rat barely misses you.
A jelly comes into view.
The giant cockroach barely misses you.
The rat splashes around in the water.
The jelly quivers.
You hit the giant cockroach.
You kill the giant cockroach!
A ball python comes into view.
The rat closely misses you.
You sock the rat!
You kill the rat!
You enter the shallow water.
An endoplasm comes into view.
The endoplasm quivers.
The ball python closely misses you.
You closely miss the ball python.
The ball python bites you but does no damage.
You closely miss the ball python. You claw the ball python.
You kill the ball python!
You hit the jelly.
Your claws burn!
The jelly is lightly wounded.
The jelly hits you. The acid corrodes you!
You are splashed with acid!
* * * LOW HITPOINT WARNING * * *
The endoplasm freezes you.
You are frozen.
* * * LOW HITPOINT WARNING * * *
You sock the jelly!
Your claws burn!
* * * LOW HITPOINT WARNING * * *
The jelly is heavily wounded.
The jelly hits you.
* * * LOW HITPOINT WARNING * * *
You are splashed with acid!
You die...

##########
..~..†...####
..~...~...~.##
##
########.~~~~#
~.# ###...##
#.~# ##~.~##
#.~.#
#~~..###..~#
##~.††@J.~#
#######
##.~~J~.##
...~..#
##..~...~#
~.~...#
#~~.~.~~~~#
####~.#
#~.~#.~..~..#
#.~#
#~~~##~.~##~..
#..#
....##~~~~.#
~. ####..#
~~~~. ..#.~# .
.†....# ###~.
.##~.#


You could see a jelly and an endoplasm.

Vanquished Creatures
  2 jellies (Sewer)
  7 adders
  2 river rats (Sewer)
  2 worms
  7 endoplasms
  6 giant cockroaches
  6 goblins
  3 hobgoblins (D:2)
  3 kobolds
  2 quokkas
  5 ball pythons
  4 bats
  9 frilled lizards
  7 rats
65 creatures vanquished.

Notes
Turn   | Place    | Note
-------+----------+-------------------------------------------
     0 | D:1      | hilljack the Troll Gladiator began the quest for the Orb.
     0 | D:1      | Reached XP level 1. HP: 19/19 MP: 0/0
   503 | D:1      | Reached XP level 2. HP: 28/28 MP: 1/1
   969 | D:2      | Reached XP level 3. HP: 35/35 MP: 2/2
  1577 | D:2      | Reached XP level 4. HP: 23/42 MP: 3/3
  1632 | D:3      | Found a glowing drain.
  1657 | Sewer    | Entered a sewer
  1801 | Sewer    | HP: 2/44 [ball python (2)]
  1808 | Sewer    | Reached XP level 5. HP: 24/50 MP: 4/4
  1834 | Sewer    | Splashed by a jelly's acid

Illustrated notes

Levels and vault maps discovered:
D:1:      minmay_arrival_open_corners, layout_basic
D:2:      layout_loops_ring
D:3:      layout_loops_ring, serial_aquarium, aquarium_bridge_long_joined
          [aquarium_subvault_bridge, aquarium_subvault_bridge,
          aquarium_subvault_wall, aquarium_subvault_balcony,
          aquarium_subvault_wall, aquarium_subvault_window], aquarium_window_1,
          aquarium_window_2, aquarium_view_2c, aquarium_view_2f,
          aquarium_balcony_double_2, aquarium_pool_double, portal_sewer_entry_f,
          serial_shops, shop, uniq_grinder
Sewer:    sewer_hellmonk_slimy_pipes

Skill      XL: |  1  2  3  4 |
---------------+-------------+-----
Throwing       | 2 |  2.9
Fighting       | 2 |  2.8
Maces & Flails | 3 |  3.6
Dodging        | 3 |  3.3

Action                     |  1- 3 |  4- 6 || total
---------------------------+-------+-------++-------
  Melee: Flail             |    89 |   113 ||   202
         Punch             |     2 |     2 ||     4
  Throw: Stone             |    10 |     2 ||    12
    Use: Scroll            |     4 |     1 ||     5
         Potion            |       |     3 ||     3
   Stab: Sleeping          |     1 |       ||     1
 Armour: Robe              |    51 |    82 ||   133
  Dodge: Dodged            |    60 |   130 ||   190
